 Dungeon Crawl Stone Soup version 0.28.0 (webtiles) character file.

Game seed: 7950236378003305908

70 SnakkuSnakku7 the Changer (level 4, -4/24 HPs)
             Began as a Deep Elf Transmuter on Feb 8, 2022.
             Killed by nerve-wracking pain
             ... invoked by Jessica
              (14 damage)
             ... on level 2 of the Dungeon.
             The game lasted 00:05:29 (2819 turns).

SnakkuSnakku7 the Changer (Deep Elf Transmuter)     Turns: 2819, Time: 00:05:30

Health: -4/24      AC:  2    Str:  7    XL:     4   Next: 4%
Magic:  6/10       EV: 20    Int: 20    God:
Gold:   37         SH:  0    Dex: 20    Spells: 5/9 levels left

rFire   . . .      SeeInvis .     - Unarmed
rCold   . . .      Faith    .   (shield currently unavailable)
rNeg    . . .      Spirit   .   (armour currently unavailable)
rPois   x          Reflect  .   (helmet currently unavailable)
rElec   .          Harm     .   (cloak currently unavailable)
rCorr   .          Rampage  .   (gloves currently unavailable)
Will    .....                   (boots currently unavailable)
Stlth   ++........              (no amulet)
HPRegen 0.08/turn               (no ring)
MPRegen 0.12/turn               (no ring)

@: spider-form
A: venomous fangs, tiny
a: End Transformation


You were on level 2 of the Dungeon.
You were a venomous arachnid creature.
You visited 1 branch of the dungeon, and saw 2 of its levels.

You collected 37 gold pieces.

Inventory:

Armour
 a - a +0 robe (melded)
 g - a +0 pair of boots (melded)
Wands
 i - a wand of paralysis (6)
Scrolls
 d - a scroll of enchant armour {unknown}
 f - a scroll of teleportation {unknown}
Potions
 b - a potion of heal wounds {unknown}
 c - a potion of flight {unknown}
 e - a potion of brilliance {unknown}
 h - a potion of mutation {unknown}


   Skills:
 - Level 0.7 Fighting
 - Level 2.4 Dodging
 + Level 3.3 Unarmed Combat
 - Level 3.0 Spellcasting
 - Level 3.6 Transmutations
 + Level 0.0 Poison Magic


You had 5 spell levels left.
You knew the following spells:

 Your Spells              Type           Power      Damage    Failure   Level
a - Beastly Appendage     Tmut           34%        N/A       11%         1
b - Spider Form           Tmut/Pois      10%        N/A       41%         3

Your spell library contained the following spells:

 Spells                   Type           Power      Damage    Failure   Level
 Wereblood                Tmut           17%        N/A       14%         2
 Ice Form                 Ice/Tmut       10%        N/A       75%         4


Dungeon Overview and Level Annotations

Branches:
Dungeon (2/15)

Altars:
Xom

Annotations:
D:2 Jessica


Message History

There is a stone staircase leading down here.
You are too injured to fight recklessly!
You are too injured to fight recklessly!
You are too injured to fight recklessly!
You hit the endoplasm but do no damage. You claw the endoplasm.
You kill the endoplasm!
Things that are here:
a +0 short sword; a kobold corpse
There is a stone staircase leading down here.
You start resting.
Your transformation is almost over.
Your horns disappear.
Your talons disappear.
Your +0 pair of boots unmelds from your body.
You start resting.
HP restored.
You grow a pair of large bovine horns.
Your feet morph into talons.
Your +0 pair of boots melds into your body.
You climb downwards.
Level annotation: Jessica Jessica points at you and mumbles some strange words.
Pain shoots through your body!
There is a stone staircase leading up here.
Jessica hits you with a +0 dagger!
You are too injured to fight recklessly!
You are too injured to fight recklessly!
Casting: Beastly Appendage (safe; 3% risk of failure)
Confirm with . or Enter, or press ? or * to list all spells.
The spell is extremely dangerous to miscast (21% risk of failure)!
Continue anyway?
Your horns disappear.
Your talons disappear.
Your +0 pair of boots unmelds from your body.
You turn into a venomous arachnid creature.
Your +0 pair of boots melds into your body.
Your +0 robe melds into your body.
Jessica barely misses you.
Unknown command.
You hit Jessica.
Jessica is moderately wounded.
Jessica gestures at you while chanting. Pain shoots through your body!
Ouch! That really hurt!
You die...

#. #.# #. #.# ##.
#.##.########....
#...............
#..#.###.####.####
##.#....#.........
##
#................
.# #.#<#.##.).....#
)# #.#s#.##.#####.#
...# ##.#@#.##.# #
...# ##...รท.....#
...# #.....#.##>#
.### #....##.##.#
.# #.#.###.##.. ##
######............
#
.........#######.##
..####..#### .#


You could see Jessica.

Vanquished Creatures
  2 adders (D:2)
  A dart slug (D:2)
  2 ball pythons
  8 endoplasms
  3 giant cockroaches
  6 goblins
  A hobgoblin (D:1)
  3 jackals (D:1)
  5 kobolds (D:1)
  3 quokkas
  4 bats
  3 frilled lizards
  4 rats (D:1)
45 creatures vanquished.

Notes
Turn   | Place    | Note
-------+----------+-------------------------------------------
     0 | D:1      | SnakkuSnakku7 the Deep Elf Transmuter began the quest for
                  | the Orb.
     0 | D:1      | Reached XP level 1. HP: 11/11 MP: 6/6
   471 | D:1      | Found a faded altar of an unknown god.
   565 | D:1      | Reached XP level 2. HP: 11/16 MP: 6/8
  1769 | D:1      | Reached XP level 3. HP: 18/20 MP: 7/9
  2482 | D:2      | Found a shimmering altar of Xom.
  2482 | D:2      | Noticed Jessica
  2503 | D:2      | Reached XP level 4. HP: 18/24 MP: 10/10
  2530 | D:1      | Learned a level 3 spell: Spider Form
  2819 | D:2      | Killed from afar by Jessica

Illustrated notes

Levels and vault maps discovered:
D:1:      minmay_arrival_cross, layout_loops_ring,
          chequers_ecumenical_altar_simple
D:2:      layout_loops_ring, minmay_hexomino_r4, uniq_jessica

Skill      XL: |  1  2 |
---------------+-------+-----
Transmutations | 3 |  3.6
Unarmed Combat | 3 |  3.3
Fighting       | |  0.7
Dodging        | |  2.4
Spellcasting   | |  3.0

Action                   |  1- 3 |  4- 6 || total
-------------------------+-------+-------++-------
Melee: Unarmed           |   139 |     6 ||   145
       Kick              |    19 |     2 ||    21
       Punch             |     1 |       ||     1
       Headbutt          |    12 |       ||    12
 Cast: Beastly Appendage |    13 |     2 ||    15
       Spider Form       |       |     1 ||     1
 Stab: Sleeping          |     7 |       ||     7
Armor: Robe              |    25 |       ||    25
Dodge: Dodged            |    79 |     3 ||    82
